details: 'rofldotts'

« prev index next »

General information

Mini Map

Players

team 1
OrcwonG-Bomb (blue | 103 APM | 1405 actions | 13:39)
Hero icon 4 Blademaster
Ability icon 2 Wind Walk
Ability icon 2 Critical Strike
Hero icon 2 Shadow Hunter
Ability icon 1 Hex
Ability icon 1 Healing Wave

» actions
Assign group hotkey15
Basic commands132
Build / train44
Enter build submenu11
Enter hero's abilities submenu6
Give item / drop item3
Right click627
Select / deselect351
Select group hotkey143
Use ability73
1405 total
» units
Peon7
Grunt5
Raider3
Spirit Walker2
17 total
» upgrades
Ensnare1
Spirit Walker Training1
2 total
» buildings
Altar of Storms1
Orc Burrow6
Barracks1
Voodoo Lounge1
Stronghold1
Beastiary1
Spirit Lodge1
12 total
» build order
00:07 Altar of Storms
00:20 Orc Burrow
00:35 Barracks
01:28 Orc Burrow
01:59 Voodoo Lounge
02:57 Stronghold
04:06 Orc Burrow
05:45 Orc Burrow
05:47 Orc Burrow
07:34 Beastiary
08:30 Spirit Lodge
10:21 Orc Burrow
» items
Healing Salve5
Scroll of Speed1
Boots of Speed1
Dust of Appearance1
Potion of Healing1
Lesser Clarity Potion4
Potion of Mana1
14 total
team 2
NightElfZephyd (purple | 117 APM | 1608 actions | 13:41)
Hero icon 2 Demon Hunter
Ability icon 1 Mana Burn
Ability icon 1 Evasion
Hero icon 1 Pandaren Brewmaster
Ability icon 1 Drunken Haze

» actions
Assign group hotkey79
Basic commands2
Build / train41
ESC pressed1
Enter build submenu11
Enter hero's abilities submenu3
Right click866
Select / deselect290
Select group hotkey266
Use ability48
1608 total
» units
Wisp11
Archer7
Druid of the Talon12
30 total
» upgrades
Druid of the Talon Training2
2 total
» buildings
Altar of Elders1
Moon Well6
Ancient of War1
Tree of Ages1
Hunter's Hall1
Ancient of Wind2
Tree of Eternity1
Ancient Protector2
15 total
» build order
00:03 Altar of Elders
00:07 Moon Well
00:10 Moon Well
00:59 Ancient of War
01:27 Moon Well
02:28 Moon Well
02:52 Tree of Ages
03:58 Hunter's Hall
04:35 Moon Well
05:19 Ancient of Wind
05:20 Ancient of Wind
06:21 Tree of Eternity
09:19 Moon Well
09:49 Ancient Protector
09:50 Ancient Protector